 Dungeon Crawl Stone Soup version 0.29.1-15-g9cfb28693d (webtiles) character file.

Game seed: 2669444593644941202

63 Peloso the Covered (level 3, 0/33 HPs)
             Began as a Minotaur Fighter on Apr 15, 2023.
             Slain by Grinder (4 damage)
             ... on level 3 of the Dungeon.
             The game lasted 00:02:26 (1817 turns).

Peloso the Covered (Minotaur Fighter)               Turns: 1817, Time: 00:02:26

Health: 0/33       AC:  7    Str: 20    XL:     3   Next: 87%
Magic:  2/2        EV:  9    Int:  5    God:
Gold:   75         SH:  4    Dex: 11    Spells: 2/2 levels left

rFire   . . .      SeeInvis .   a - +0 long sword
rCold   . . .      Faith    .   c - +0 buckler
rNeg    . . .      Spirit   .   b - +0 scale mail
rPois   .          Reflect  .   (helmet restricted)
rElec   .          Harm     .   (no cloak)
rCorr   .          Rampage  .   (no gloves)
Will    .....                   (no boots)
Stlth   ..........              (no amulet)
HPRegen 0.11/turn               (no ring)
MPRegen 0.08/turn               (no ring)

@: no status effects
A: horns 2, retaliatory headbutt
a: no special abilities


You were on level 3 of the Dungeon.
You visited 1 branch of the dungeon, and saw 3 of its levels.

You collected 75 gold pieces.

Inventory:

Hand Weapons
 a - a +0 long sword (weapon)
Armour
 b - a +0 scale mail (worn)
 c - a +0 buckler (worn)
Jewellery
 h - a ring of magical power
 q - a ring of magical power
Scrolls
 e - 2 scrolls of identify
 k - a scroll of immolation {unknown}
 l - a scroll of enchant weapon {unknown}
 n - a scroll of fear {unknown}
 o - a scroll of silence {unknown}
 p - a scroll of teleportation {unknown}
Potions
 d - a potion of might
 f - 2 potions of mutation
 g - 2 potions of heal wounds {unknown}
 i - a potion of haste
 m - a potion of brilliance {unknown}
 r - a potion of invisibility


   Skills:
 + Level 4.0 Fighting
 + Level 3.2 Long Blades
 + Level 4.8 Armour
 + Level 0.2 Dodging
 + Level 4.0 Shields


You had 2 spell levels left.
You didn't know any spells.
Your spell library contained the following spells:

 Spells                   Type           Power      Damage    Failure   Level
 Blink                    Tloc           0%         N/A       96%         2
 Poisonous Vapours        Pois/Air       0%         N/A       96%         2
 Corpse Rot               Necr/Pois/Air  0%         N/A       100%        4
 Passage of Golubria      Tloc           0%         N/A       100%        4
 Manifold Assault         Tloc           0%         N/A       100%        5
 Silence                  Hex/Air        0%         N/A       100%        5
 Storm Form               Tmut/Air       0%         N/A       100%        7
 Lehudib's Crystal Spear  Conj/Erth      0%         10d2      100%        8


Dungeon Overview and Level Annotations

Branches:
Dungeon (3/15)

Altars:

Annotations:
D:3 Grinder


Innate Abilities, Weirdness & Mutations

You have a pair of horns on your head.
You reflexively headbutt those who attack you in melee.


Message History

Grinder comes into view.
Grinder shouts!
Grinder is nearby!
Grinder gestures at you. Pain shoots through your body!
You hit Grinder. Your headbutt misses Grinder.
Grinder is lightly wounded.
Grinder hits you!
You writhe in agony.
* * * LOW HITPOINT WARNING * * *
You hit Grinder but do no damage.
Grinder is lightly wounded.
Grinder barely misses you. You furiously retaliate!
You headbutt Grinder! You block Grinder's attack.
You closely miss Grinder.
Grinder is moderately wounded.
Grinder closely misses you.
Unknown command.
You feel better. Grinder hits you.
You writhe in agony.
You hit Grinder but do no damage.
Grinder is moderately wounded.
Grinder barely misses you. You furiously retaliate!
You headbutt Grinder. You hit Grinder but do no damage.
Grinder is moderately wounded.
Grinder gestures at you.
You suddenly lose the ability to move!
Grinder gestures at you. You resist with significant effort.
Grinder hits you but does no damage. Grinder hits you.
* * * LOW HITPOINT WARNING * * *
You writhe in agony.
* * * LOW HITPOINT WARNING * * *
You can move again.
Unknown command.
You slash Grinder! You headbutt Grinder!
Grinder is severely wounded.
Grinder hits you.
* * * LOW HITPOINT WARNING * * *
You writhe in agony.
You die...

########## .........#
#.#######.# #. #.#
#.##### #<#
####.....# #.#
.....#...###.###.####
#.................
#.#5@.###.###.###.
#.......†.#
####.###### #.# #+#


You could see Grinder.

Vanquished Creatures
  2 adders (D:2)
  3 dart slugs
  7 ball pythons
  2 bats
  4 endoplasms
  3 giant cockroaches
  5 hobgoblins
  3 frilled lizards
  2 goblins (D:2)
  2 kobolds
  3 rats
36 creatures vanquished.

Vanquished Creatures (others)
  5 plants (D:2)
5 creatures vanquished.

Grand Total: 41 creatures vanquished

Notes
Turn   | Place    | Note
-------+----------+-------------------------------------------
     0 | D:1      | Peloso the Minotaur Fighter began the quest for the Orb.
     0 | D:1      | Reached XP level 1. HP: 19/19 MP: 0/0
   255 | D:1      | Reached XP level 2. HP: 27/27 MP: 1/1
   563 | D:1      | Found a faded altar of an unknown god.
   778 | D:2      | Reached XP level 3. HP: 29/33 MP: 2/2
  1805 | D:3      | Noticed Grinder
  1814 | D:3      | Paralysed by Grinder for 3 turns
  1817 | D:3      | Slain by Grinder

Illustrated notes

Levels and vault maps discovered:
D:1:      amcnicky_arrival_double_pillar, layout_basic,
          chequers_ecumenical_altar_simple
D:2:      layout_loops_corners, serial_forest, infiniplex_forest_lined_3_way,
          infiniplex_forest_clump_tiny, infiniplex_forest_lined_4_way,
          infiniplex_forest_straight_2, infiniplex_forest_lined_4_way,
          infiniplex_forest_corner_2, infiniplex_forest_clump_small,
          nicolae_eternal_life, nicolae_elevator_lobby_plus
D:3:      layout_loops_corners, nicolae_overflow_ecumenical_swirl,
          grunt_temple_overflow_bloody_war, minmay_misc_feat_hallway,
          uniq_crazy_yiuf_cottage, uniq_ijyb, uniq_grinder

Skill      XL: |  1  2  3 |
---------------+----------+-----
Armour         | 4 |  4.8
Fighting       | 4 |  4.0
Long Blades    | 3 |  3.2
Shields        | 4 |  4.0
Dodging        | |  0.2

Action                   || total
-------------------------++-------
Melee: Long sword        ||    77
       Headbutt          ||    10
  Use: Potion            ||     5
       Scroll            ||     2
Armor: Scale mail        ||    30
Dodge: Dodged            ||    47
Block: Buckler           ||    12
